 Seeded DCSS version 0.30-a0-439-g9e77e4d916 (webtiles) character file.

Game seed: 2672040522805985899 (custom seed)

44 innerfire433 the Trooper (level 3, -2/29 HPs)
             Began as a Demonspawn Monk on Dec 11, 2022.
             Succumbed to Sigmund's poison
             ... on level 2 of the Dungeon.
             The game lasted 00:02:31 (1204 turns).

innerfire433 the Trooper (Demonspawn Monk)          Turns: 1204, Time: 00:02:32

Health: -2/29      AC:  6    Str: 13    XL:     3   Next: 39%
Magic:  3/3        EV: 12    Int: 11    God:
Gold:   98         SH:  0    Dex: 15    Spells: 2/2 levels left

rFire   . . .      SeeInvis +    l - +10 dagger "Buwuc" {venom, rC+}
rCold   + . .      Faith    .    (no shield)
rNeg    + . .      Spirit   .    m - +1 ring mail {rN+}
rPois   .          Reflect  .    (no helmet)
rElec   .          Harm     .    (no cloak)
rCorr   +          Rampage  .    (no gloves)
Will    .....                    (no boots)
Stlth   +.........               (no amulet)
HPRegen 0.24/turn                h - ring of resist corrosion
MPRegen 0.08/turn                j - ring of see invisible

@: confused, lethally poisoned (-2 -> -25)
A: sturdy frame 2
a: no special abilities


You were on level 2 of the Dungeon.
You visited 1 branch of the dungeon, and saw 2 of its levels.

You collected 98 gold pieces.

Inventory:

Hand Weapons
 a - a +0 short sword
 l - the +10 dagger "Buwuc" (weapon) {venom, rC+}
   (You found it on level 2 of the Dungeon)

   It poisons the flesh of those it strikes.
   rC:        It protects you from cold.
Armour
 b - a +0 robe
 d - a +0 plate armour
 m - a +1 ring mail of positive energy (worn)
 o - a scarf of harm
Jewellery
 h - a ring of resist corrosion (left hand)
 j - a ring of see invisible (right hand)
Scrolls
 f - 2 scrolls of enchant armour {unknown}
 g - 3 scrolls of identify {unknown}
 k - 2 scrolls of teleportation {unknown}
 n - a scroll of silence {unknown}
Potions
 c - a potion of ambrosia
 e - 3 potions of heal wounds {unknown}
 i - a potion of flight {unknown}


   Skills:
 + Level 3.3 Fighting
 * Level 3.3 Short Blades
 + Level 1.0 Armour
 + Level 3.0 Dodging
 - Level 1.7 Stealth


You had 2 spell levels left.
You didn't know any spells.
Your spell library contained the following spells:

 Spells                   Type           Power      Damage    Failure   Level
 Ignite Poison            Fire/Tmut/Pois 0%         N/A       77%         3
 Sticky Flame             Conj/Fire      0%         2d3       99%         4
 Ignition                 Fire           0%         3d3       100%        8


Dungeon Overview and Level Annotations

Branches:
Dungeon (2/15)

Altars:

Annotations:
D:2 Sigmund


Innate Abilities, Weirdness & Mutations

Your movements are less encumbered by armour. (ER -4)


Message History

You kill the frilled lizard!
Your Armour skill increases to level 1!
No target in view!
No target in view!
A worm comes into view.
No target in view!
No target in view!
Found 16 gold pieces.
Sigmund the Dreaded comes into view.
He is wielding a +1 scythe of venom.
Sigmund shouts!
Sigmund gestures at you while chanting. The puff of flame misses you.
You puncture the worm!
The worm is poisoned.
The worm is severely wounded.
You barely miss the worm. You punch the worm.
The worm is almost dead.
You kill the worm!
Sigmund casts a spell at you. You resist with significant effort.
Sigmund casts a spell at you.
You are confused.
You are too confused!
You are too confused!
You are too confused!
Sigmund closely misses you. Sigmund attacks as you move away!
Sigmund hits you with a +1 scythe of venom.
You are poisoned.
You feel sick.
You feel sick.
Sigmund says, "Your kind have come here before.
I understand now why.
You desire death..."
Sigmund hits you with a +1 scythe of venom!
You are lethally poisoned!
You hit Sigmund.
Sigmund is poisoned.
Sigmund is lightly wounded.
You feel very sick.
Sigmund hits you with a +1 scythe of venom.
* * * LOW HITPOINT WARNING * * *
You are more poisoned.
You die...

#......§.§.....#
#.....§.§......#
#.....§.§.[....#
#....†§§..##....
#.........######
#.........†...#
#.$...........#
#...######.....#
#+## #.@...#
#@....# #...$.#
# #.....# #
#.....# .
#.....# .#
#.....# #.
#.....# .#


You could see Sigmund (very poisoned).

Vanquished Creatures
  3 worms (D:2)
  A dart slug (D:1)
  4 bats
  2 endoplasms (D:1)
  2 giant cockroaches
  3 goblins (D:1)
  A hobgoblin (D:2)
  2 jackals (D:1)
  A quokka (D:2)
  5 ball pythons
  4 frilled lizards
  2 kobolds
  3 rats
33 creatures vanquished.

Notes
Turn   | Place    | Note
-------+----------+-------------------------------------------
     0 | D:1      | innerfire433 the Demonspawn Monk began the quest for the
                  | Orb.
     0 | D:1      | Reached XP level 1. HP: 18/18 MP: 1/1
   158 | D:1      | Gained mutation: Your movements are slightly less
                  | encumbered by armour. (ER -2) [demonic ancestry]
   158 | D:1      | Reached XP level 2. HP: 15/24 MP: 2/2
   921 | D:2      | Gained mutation: Your movements are less encumbered by
                  | armour. (ER -4) [demonic ancestry]
   921 | D:2      | Reached XP level 3. HP: 28/29 MP: 3/3
   958 | D:2      | Identified the +10 dagger "Buwuc" {venom, rC+}
  1183 | D:2      | Found a faded altar of an unknown god.
  1188 | D:2      | Reached skill level 1 in Armour
  1193 | D:2      | Noticed Sigmund
  1204 | D:2      | Succumbed to Sigmund's poison

Illustrated notes

Levels and vault maps discovered:
D:1:      psy_arrival_radial02, layout_rooms
D:2:      layout_basic, ebering_ecumenical_altar_mist, grunt_decor_clamped,
          uniq_sigmund

Skill      XL: |  1  2  3 |
---------------+----------+-----
Short Blades   | 3 |  3.3
Dodging        | 3 |  3.0
Armour         | 1 |  1.0
Fighting       | |  3.3
Stealth        | |  1.7

Action                   || total
-------------------------++-------
Melee: Short sword       ||   105
       Punch             ||     3
       Dagger            ||    18
 Stab: Sleeping          ||     1
Armor: Robe              ||     4
       Plate armour      ||    54
       Ring mail         ||     2
Dodge: Dodged            ||    51

Table legend: (Time is in decaauts)
 A = Elapsed time spent in this place.
 B = Non-inter-level travel time spent in this place.
 C = Inter-level travel time spent in this place.
 D = Time resting spent in this place.
 E = Time spent auto-exploring this place.
 F = Levels seen in this place.
 G = Mean time per level.
                   A        B        C        D        E       F      G
               +--------+--------+--------+--------+--------+-----+--------+
         Total |   1183 |   1141 |     42 |      0 |    837 |   2 |  591.5 |
       Dungeon |   1183 |   1141 |     42 |      0 |    837 |   2 |  591.5 |
               +--------+--------+--------+--------+--------+-----+--------+

Top non-repeatable levels by time:
     D:1: 751 daAuts
     D:2: 431 daAuts
